 Dungeon Crawl Stone Soup version 0.27-b1-23-g44b8eac545 (webtiles) character file.

Game seed: 7733721142150396196

41 pikapanic the Poker (level 3, -2/29 (31) HPs)
             Began as a Palentonga Berserker on July 27, 2021.
             Was a Believer of Trog.
             Slain by Terence (8 damage)
             ... on level 2 of the Dungeon.
             The game lasted 00:05:19 (1764 turns).

pikapanic the Poker (Palentonga Berserker)          Turns: 1764, Time: 00:05:19

HP:   -2/29 (31)    AC:  4    Str: 21    XL:     3   Next: 32%
MP:   3/3           EV:  9    Int:  7    God:    Trog [**....]
Gold: 68            SH:  0    Dex:  9    Spells: 2/2 levels left

rFire    . . .     SeeInvis +   a - +0 spear
rCold    . . .     Faith    .   (no shield)
rNeg     . . .     Spirit   .   b - +0 animal skin
rPois    .         Reflect  .   (no helmet)
rElec    .         Harm     .   (no cloak)
rCorr    .         Rampage  .   (no gloves)
Will     .....                  (no barding)
Stlth    +.........             (no amulet)
HPRegen  0.09/turn              (no ring)
MPRegen  0.08/turn              (no ring)

@: confused, ambrosia-drunk, drained
A: large, rugged brown scales 3, see invisible, deformed body, roll 1, armoured
tail
a: Rolling Charge, Renounce Religion, Berserk, Trog's Hand


You were on level 2 of the Dungeon.
You worshipped Trog.
Trog was pleased with you.
You visited 1 branch of the dungeon, and saw 2 of its levels.

You collected 68 gold pieces.

Inventory:

Hand Weapons
 a - a +0 spear (weapon)
Missiles
 f - 18 poisoned darts
Armour
 b - a +0 animal skin (worn)
Scrolls
 c - a scroll of identify
Potions
 e - a potion of haste {unknown}


   Skills:
 + Level 3.5 Fighting
 * Level 3.5 Polearms
 - Level 1.6 Armour
 - Level 1.6 Dodging


You had 2 spell levels left.
You didn't know any spells.
Your spell library contained the following spells:

 Spells                   Type           Power      Damage    Failure   Level
 Ozocubu's Armour         Ice            0%         N/A       80%         3
 Ozocubu's Refrigeration  Ice            0%         4d5       100%        7


Dungeon Overview and Level Annotations

Branches:
Dungeon (2/15)

Altars:

Shops:
D:1 ?   D:2 ?

Annotations:
D:2 Terence


Innate Abilities, Weirdness & Mutations

You are completely covered in rugged brown scales. (AC +3, +7% HP)
You have supernaturally acute eyesight. (SInv)
Armour fits poorly on your strangely shaped body.
You can roll at nearby foes to attack.
You have a long armoured tail.


Message History

There is an open door here.
Items here: ( ) ††.
You start resting.
HP restored.
Things that are here:
a +0 dagger; a goblin corpse
There is an entrance to Luxev's Magic Scroll Emporium here.
Things that are here:
a +3 whip; a kobold corpse
Found a club.
Terence the Incautious comes into view.
He is wielding a +0 flail.
Terence shouts!
Found a robe.
You roll forward with a clatter of scales!
You barely miss Terence. Terence closely misses you.
You hit Terence. You tail-slap Terence.
Terence is moderately wounded.
Terence hits you with a +0 flail.
You closely miss Terence.
Terence is moderately wounded.
Terence hits you with a +0 flail!
You hit Terence but do no damage. You tail-slap Terence!
Terence is severely wounded.
Terence drinks a potion.
Terence is healed!
You hit Terence but do no damage. Terence barely misses you.
You closely miss Terence.
Terence says, "Don't bother to defend, it's useless."
Terence hits you with a +0 flail.
You hit Terence.
Terence is moderately wounded.
Terence hits you with a +0 flail!
* * * LOW HITPOINT WARNING * * *
You hit Terence but do no damage.
Terence is moderately wounded.
Terence hits you with a +0 flail.
* * * LOW HITPOINT WARNING * * *
It was a potion of ambrosia.
You are confused.
You feel invigorated. Terence hits you with a +0 flail!
You die...

#### #.## ...#..# ###..)
... ##.####### ....# ..
#......... #...#.[
##.##.##.# #...#.
##.##.##.# #....
#........# #..@##
####.#.....# #..@.#
#.##.#.....#
##....####.##+#.....#
#####.....+...>.........#
..........####..........#
..........# #...........
.........## #...........
.........# #...........
...#####.#######)###.....
#.## #.##.......##.....


You could see Terence.

Vanquished Creatures
  A dart slug (D:1)
  2 bats (D:1)
  2 endoplasms (D:1)
  A giant cockroach (D:2)
  5 goblins
  2 hobgoblins (D:1)
  4 jackals (D:1)
  4 quokkas
  3 ball pythons
  3 frilled lizards
  6 kobolds
  3 rats
36 creatures vanquished.

Notes
Turn   | Place    | Note
-------+----------+-------------------------------------------
     0 | D:1      | pikapanic the Palentonga Berserker began the quest for the
                  | Orb.
     0 | D:1      | Reached XP level 1. HP: 19/19 MP: 1/1
   290 | D:1      | Reached XP level 2. HP: 13/25 MP: 2/2
   539 | D:1      | Found Gyasibeuso's Magic Scroll Emporium.
   762 | D:1      | Reached XP level 3. HP: 25/31 MP: 3/3
   773 | D:1      | Reached ** piety under Trog
   889 | D:1      | Found a faded altar of an unknown god.
  1533 | D:2      | Found Luxev's Magic Scroll Emporium.
  1754 | D:2      | Noticed Terence
  1764 | D:2      | Slain by Terence

Illustrated notes

Levels and vault maps discovered:
D:1:      evilmike_arrival_crescent, layout_rooms, serial_shops, shop,
          hellmonk_ecumenical_altar_arch_garden, minmay_liquid_box
D:2:      layout_basic, serial_shops, shop, minmay_crystal_room,
          interstate_on_off, chequers_serial_rivers_micro_a, solitary_fountain,
          minmay_misc_feat_chi, uniq_terence

Skill      XL: |  1 |
---------------+----+-----
Polearms       | 3 |  3.5
Fighting       | |  3.5
Armour         | |  1.6
Dodging        | |  1.6

Action                   || total
-------------------------++-------
Melee: Spear             ||   119
       Tailslap          ||    18
 Abil: Rolling Charge    ||    16
  Use: Scroll            ||     2
       Potion            ||     2
Armor: Animal skin       ||    46
Dodge: Dodged            ||    61
